Map: Ruby Rock LE

Players

LiquidClem (Clem) - Winner!

  • Race: Terran Terran
  • League: Grandmaster
  • Spawn Location: 11:00

Serral

  • Race: Zerg Zerg
  • League: Grandmaster
  • Spawn Location: 5:00

VOD

Have the link to the VOD?

Description

Time

  • Played on: Feb. 1, 2026, 9:39 a.m.
  • Length: 11:28
Show
View Real Time Build Order
Export as new Build Order

LiquidClem Terran - Winner!

Build Orders: Gas First Reaper Expand, Hellion Banshee 

Get SALT Encoding   

  12  0:00  SCV  
  13  0:13  SCV  
  14  0:17  Supply Depot  
  14  0:25  SCV  
  15  0:30  Refinery  
  15  0:38  SCV  
  16  0:43  Barracks  
  16  0:50  SCV  
  17  1:02  SCV  
  18  1:14  SCV  
  19  1:30  Orbital Command, Reaper  
  20  1:41  Command Center  
  20  1:52  Factory  
  20  1:56  SCV  
  21  2:04  Supply Depot  
  21  2:06  Barracks Reactor  
  21  2:10  SCV  
  22  2:17  Refinery  
  22  2:23  SCV  
  23  2:35  SCV  
  24  2:42  Starport  
  24  2:45  Hellion x2  
  24  2:47  SCV  
  29  2:54  Orbital Command  
  29  2:59  SCV, Barracks Tech Lab  
  30  3:07  Hellion  
  30  3:09  Hellion  
  30  3:11  SCV  
  35  3:19  Supply Depot, SCV  
  36  3:23  SCV  
  37  3:30  Banshee  
  37  3:32  SCV  
  41  3:38  SCV  
  39  3:42  Cloaking Field  
  39  3:44  SCV, Barracks Tech Lab  
  39  3:47  Hellion  
  42  3:50  Hellion  
  42  3:53  SCV  
  43  3:56  SCV  
  44  4:05  SCV, Stimpack  
  44  4:08  SCV  
  46  4:15  Banshee  
  49  4:17  SCV  
  49  4:18  Barracks  
  49  4:19  Barracks  
  49  4:20  SCV  
  49  4:23  Supply Depot  
  51  4:24  Marine  
  51  4:26  Factory Reactor  
  51  4:29  SCV  
  53  4:32  SCV  
  53  4:37  Engineering Bay  
  52  4:41  SCV  
  52  4:42  Marine  
  52  4:43  Refinery  
  52  4:44  SCV  
  55  4:46  Supply Depot  
  55  4:53  SCV, Command Center  
  55  4:57  SCV  
  57  5:00  Marine  
  57  5:05  SCV  
  57  5:07  Marine x2  
  59  5:09  SCV  
  60  5:14  Marine  
  60  5:16  Marine  
  60  5:17  Starport Reactor, SCV  
  60  5:18  Marine  
  64  5:21  Supply Depot  
  64  5:22  Refinery, Terran Infantry Weapons Level 1  
  64  5:23  SCV  
  64  5:24  Marine  
  64  5:25  Marine  
  64  5:28  Siege Tank  
  70  5:32  Supply Depot  
  70  5:34  Marine, SCV, Supply Depot  
  70  5:35  Marine  
  70  5:42  Marine  
  70  5:43  SCV, Marine  
  70  5:44  Marine  
  70  5:46  SCV  
  75  5:52  Marine  
  75  5:53  Medivac x2  
  75  5:55  SCV  
  81  5:57  Marine  
  81  5:58  SCV  
  81  6:00  Supply Depot x2, Marine  
  81  6:02  Marine x2  
  86  6:09  Marine  
  86  6:10  SCV  
  86  6:11  SCV  
  92  6:15  Marine  
  93  6:19  Marine  
  93  6:22  SCV  
  93  6:23  Marine x2  
  93  6:24  Barracks x2  
  97  6:26  Combat Shield  
  97  6:27  Siege Tank  
  97  6:29  SCV  
  98  6:32  Orbital Command  
  98  6:34  Marine x2  
  98  6:36  SCV  
  101  6:40  Supply Depot  
  101  6:42  Marine  
  101  6:43  Marine, SCV  
  101  6:46  Marine  
  103  6:48  SCV  
  103  6:52  Marine  
  103  6:53  Armory  
  105  6:55  Engineering Bay, SCV  
  105  6:59  Marine, SCV  
  105  7:00  Marine, SCV  
  110  7:03  Supply Depot  
  110  7:05  Marauder  
  110  7:07  Siege Tank  
  115  7:10  Supply Depot  
  115  7:11  SCV  
  115  7:12  SCV  
  115  7:14  Barracks Tech Lab, Barracks Reactor  
  117  7:17  Marine  
  117  7:18  Refinery, Medivac  
  117  7:20  Medivac  
  117  7:22  SCV  
  123  7:23  Marine  
  123  7:24  Marine  
  123  7:29  Factory  
  125  7:32  Supply Depot  
  125  7:33  SCV x2, Marine  
  125  7:34  Marine x2  
  128  7:42  SCV  
  125  7:44  Missile Turret  
  125  7:49  SCV  
  119  7:51  SCV  
  119  7:52  Marauder  
  119  7:54  Marine  
  119  7:57  Marine x3  
  119  7:58  Marine, SCV  
  113  7:59  Marine  
  113  8:01  SCV  
  113  8:04  Siege Tank, Marauder  
  113  8:05  SCV  
  121  8:06  Medivac x2  
  121  8:10  SCV  
  121  8:12  Marine  
  123  8:15  Marauder, Factory Tech Lab  
  123  8:16  SCV  
  123  8:17  Marine  
  123  8:18  Terran Infantry Weapons Level 2  
  123  8:19  Terran Infantry Armor Level 1  
  127  8:23  SCV  
  127  8:24  SCV, Marine  
  128  8:28  Missile Turret  
  128  8:29  SCV  
  128  8:31  Marine x2  
  128  8:32  Marauder, Marine  
  134  8:37  Siege Tank  
  134  8:40  Siege Tank  
  140  8:44  Marine, Supply Depot  
  140  8:46  Marauder  
  140  8:47  Marine  
  140  8:48  Marine  
  145  8:56  Marine  
  145  8:57  Marine x2, Supply Depot  
  145  8:58  Marauder  
  145  9:00  Medivac  
  145  9:01  Medivac  
  145  9:02  Marine  
  155  9:05  Marine  
  155  9:07  Supply Depot  
  156  9:12  Siege Tank  
  156  9:14  Marine, Marauder  
  156  9:15  Marine  
  162  9:19  Marauder  
  162  9:22  Marine  
  162  9:25  Marine  
  162  9:26  Marine  
  162  9:28  Marine  
  162  9:30  Medivac, Supply Depot, Siege Tank  
  170  9:34  Marine  
  170  9:36  Marauder, Missile Turret  
  173  9:39  Marine  
  173  9:40  Marine  
  173  9:41  Marauder  
  173  9:43  Medivac, Marine x2  
  177  9:46  Marine  
  177  9:52  Marine  
  171  9:53  Siege Tank  
  171  9:57  Marine, Marauder  
  171  9:58  Marine  
  171  9:59  SCV x2  
  169  10:01  SCV, Marine x2  
  169  10:02  Marauder  
  169  10:04  Marine  
  169  10:06  Medivac  
  161  10:10  Marine  
  161  10:11  SCV x2  
  161  10:12  Siege Tank  
  157  10:15  Marine  
  157  10:16  Marine  
  157  10:18  Marine, Refinery  
  157  10:19  Marine x2  
  152  10:22  Marine  
  152  10:23  Marine  
  152  10:27  SCV  
  152  10:28  Marine  
  149  10:33  Concussive Shells  
  149  10:34  Marine x2  
  144  10:36  Marauder  
  144  10:37  Marine  
  144  10:39  Marine  
  144  10:41  Marauder  
  146  10:44  Siege Tank, Marine  
  146  10:46  Marine  
  146  10:48  Siege Tank  
  154  10:53  Marine x2  
  154  10:54  Supply Depot  
  154  10:58  Marauder  
  154  11:02  Marine  
  154  11:03  Marauder  
  153  11:08  Marine  
  147  11:14  SCV  
  149  11:18  Command Center  
Show
View Real Time Build Order
Export as new Build Order

Serral Zerg 

Build Orders: Hatch First 

Get SALT Encoding   

  12  0:00  Drone  
  13  0:08  Drone  
  14  0:14  Extractor, Drone  
  14  0:21  Overlord  
  15  0:41  Hatchery  
  14  0:44  Drone  
  14  0:48  Drone  
  16  0:51  Drone  
  17  1:06  Spawning Pool  
  17  1:09  Drone  
  17  1:12  Extractor  
  17  1:14  Drone  
  17  1:17  Drone  
  18  1:29  Drone  
  19  1:38  Drone  
  20  1:49  Drone  
  20  1:52  Queen x2  
  20  1:53  Zergling x2  
  26  2:03  Drone  
  26  2:04  Overlord  
  27  2:11  Drone  
  28  2:22  Drone x2  
  30  2:28  Queen  
  32  2:35  Lair  
  32  2:36  Overlord  
  32  2:38  Drone  
  32  2:41  Drone  
  32  2:43  Drone  
  35  2:47  Drone  
  36  2:52  Roach Warren  
  35  3:02  Drone x4  
  39  3:06  Drone x3  
  39  3:10  Drone  
  43  3:12  Overlord  
  43  3:21  Metabolic Boost  
  43  3:33  Drone x4  
  44  3:41  Hatchery  
  42  3:42  Drone x2  
  42  3:45  Drone  
  42  3:46  Drone  
  45  3:51  Spore Crawler, Drone  
  45  3:54  Drone  
  45  3:55  Drone  
  45  4:00  Drone  
  45  4:01  Drone  
  46  4:03  Drone  
  46  4:08  Overseer, Glial Reconstitution  
  47  4:16  Drone x4  
  51  4:19  Extractor  
  51  4:20  Extractor  
  51  4:21  Overlord  
  51  4:24  Drone x2  
  50  4:29  Drone, Overlord  
  52  4:35  Evolution Chamber x2  
  50  4:38  Roach  
  50  4:39  Roach  
  50  4:43  Roach  
  50  4:44  Roach  
  50  4:45  Drone x2  
  60  4:52  Overlord  
  60  4:53  Overseer, Drone x2  
  60  4:56  Spore Crawler  
  61  5:00  Drone x3  
  61  5:04  Drone x2  
  64  5:12  Overlord  
  62  5:14  Drone x3  
  65  5:21  Zerg Missile Weapons Level 1, Zerg Ground Armor Level 1  
  65  5:24  Drone  
  64  5:28  Overlord  
  64  5:30  Drone x2  
  66  5:35  Tunneling Claws  
  66  5:38  Drone x2  
  66  5:41  Drone  
  69  5:44  Spore Crawler  
  69  5:45  Drone x4  
  73  5:50  Overlord, Extractor  
  73  5:51  Extractor  
  73  5:52  Drone x3  
  73  5:53  Drone  
  73  5:54  Drone  
  73  5:56  Overlord  
  76  5:59  Burrow  
  76  6:02  Roach  
  76  6:03  Roach  
  80  6:07  Roach  
  80  6:08  Roach x2  
  86  6:12  Spore Crawler  
  86  6:14  Roach x2  
  86  6:16  Overlord  
  89  6:21  Drone  
  89  6:22  Overlord  
  89  6:23  Roach x2  
  94  6:27  Roach x2  
  94  6:28  Roach  
  94  6:31  Roach  
  94  6:32  Roach  
  104  6:38  Roach x4  
  112  6:41  Overlord  
  112  6:44  Roach  
  112  6:45  Ravager  
  115  6:47  Ravager  
  115  6:51  Roach  
  115  6:52  Roach x2  
  121  6:54  Overlord  
  121  6:55  Overlord  
  121  6:56  Overlord  
  121  7:02  Drone  
  121  7:05  Overlord x2  
  122  7:08  Overlord  
  122  7:12  Overlord x2  
  122  7:15  Roach x4  
  122  7:16  Roach x3  
  122  7:20  Roach, Hatchery  
  122  7:22  Roach x4  
  128  7:28  Roach x2  
  128  7:29  Roach x3  
  137  7:32  Roach x19  
  137  7:33  Drone x2  
  137  7:35  Roach x14  
  139  7:38  Extractor  
  139  7:39  Roach x2  
  139  7:42  Zerg Missile Weapons Level 2, Zerg Ground Armor Level 2  
  136  7:45  Roach x18  
  136  7:50  Roach x6  
  131  7:52  Roach x7  
  131  7:54  Roach  
  131  7:57  Roach x2  
  132  8:03  Drone x4  
  130  8:10  Roach x4  
  130  8:11  Roach  
  126  8:13  Roach  
  126  8:14  Roach  
  128  8:20  Roach  
  128  8:25  Roach x3  
  128  8:26  Roach x4  
  132  8:37  Roach x4  
  132  8:38  Drone x7  
  139  8:41  Overseer  
  139  8:44  Extractor  
  139  8:46  Infestation Pit  
  139  8:48  Roach x4  
  137  8:49  Roach x6  
  137  8:53  Drone x2  
  137  8:54  Drone  
  150  8:58  Roach  
  152  9:04  Roach x3  
  152  9:06  Overlord  
  152  9:09  Roach x6  
  168  9:12  Overlord  
  168  9:13  Overlord  
  168  9:14  Ravager x2  
  168  9:15  Ravager  
  171  9:18  Drone  
  171  9:19  Drone x2, Roach x3  
  171  9:21  Zergling x4  
  174  9:24  Roach x2  
  174  9:26  Roach x3  
  174  9:27  Overlord  
  178  9:36  Roach  
  178  9:37  Roach  
  178  9:40  Roach x9  
  178  9:42  Ravager x3  
  178  9:45  Spore Crawler  
  198  9:47  Extractor  
  198  9:49  Roach x3  
  198  9:52  Roach x2  
  185  9:56  Roach x3  
  171  10:03  Roach x4  
  171  10:05  Roach  
  171  10:06  Roach  
  147  10:09  Roach x3  
  147  10:11  Roach  
  138  10:16  Roach x3  
  129  10:21  Roach x3  
  129  10:26  Roach x2  
  129  10:28  Roach  
  122  10:33  Roach x2  
  123  10:42  Roach x2  
  121  10:46  Roach x7  
  121  10:47  Roach x2, Ravager x2  
  126  10:51  Ravager  
  126  10:52  Roach  
  126  10:56  Roach x2, Hatchery  
  132  11:04  Roach  
  124  11:09  Roach x2  
Tags
 
Add a new tag
Caveats
  • Supply blocks, unpowered buildings, or Contaminate may cause inaccurate times.
  • Supply counts are checked every 10 seconds.